 Dungeon Crawl Stone Soup version 0.28.0-43-g3370ac3207 (webtiles) character file.

Game seed: 9530258844707341247

34 RepoMan the Digger (level 3, -1/28 HPs)
             Began as a Naga Earth Elementalist on Mar 9, 2022.
             Slain by Terence
             ... wielding a +0 hand axe
              (6 damage)
             ... on level 2 of the Dungeon.
             The game lasted 00:05:26 (1302 turns).

RepoMan the Digger (Naga Earth Elementalist)        Turns: 1302, Time: 00:05:26

Health: -1/28      AC:  2    Str: 10    XL:     3   Next: 31%
Magic:  3/6        EV:  9    Int: 17    God:
Gold:   60         SH:  0    Dex: 11    Spells: 5/6 levels left

rFire   + . .      SeeInvis +   i - +1 dagger (venom)
rCold   + + .      Faith    .   (no shield)
rNeg    . . .      Spirit   .   b - +0 robe
rPois   +          Reflect  .   (no helmet)
rElec   +          Harm     .   (no cloak)
rCorr   +          Rampage  .   (no gloves)
Will    .....                   (no barding)
Stlth   ++........              (no amulet)
HPRegen 0.09/turn               k - ring of protection from cold
MPRegen 0.10/turn               (no ring)

@: resistant, very slow
A: AC +1, large, see invisible, deformed body, poison resistance, slowness 2,
spit poison 1, naga tail 1
a: Spit Poison


You were on level 2 of the Dungeon.
You visited 1 branch of the dungeon, and saw 2 of its levels.

You collected 60 gold pieces.

Inventory:

Hand Weapons
 i - a +1 dagger of venom (weapon)
Missiles
 c - 25 stones
Armour
 b - a +0 robe (worn)
Magical Staves
 a - a staff of fire
Jewellery
 k - a ring of protection from cold (left hand)
Scrolls
 e - a scroll of noise {unknown}
 f - a scroll of blinking {unknown}
 g - 2 scrolls of teleportation {unknown}
 h - a scroll of enchant weapon {unknown}
 j - a scroll of immolation {unknown}


   Skills:
 - Level 1.5 Dodging
 - Level 3.0 Stealth
 + Level 2.3 Spellcasting
 + Level 1.7 Transmutations
 * Level 3.7 Earth Magic


You had 5 spell levels left.
You knew the following spells:

 Your Spells              Type           Power      Damage    Failure   Level
s - Sandblast             Erth           28%        2d8       4%          1

Your spell library contained the following spells:

 Spells                   Type           Power      Damage    Failure   Level
 Passwall                 Tmut/Erth      9%         N/A       10%         2
 Stone Arrow              Conj/Erth      16%        3d8       26%         3
 Petrify                  Tmut/Erth      11%        N/A       52%         4


Dungeon Overview and Level Annotations

Branches:
Dungeon (2/15)

Altars:

Annotations:
D:2 Terence


Innate Abilities, Weirdness & Mutations

Your serpentine skin is tough. (AC +1)
You have supernaturally acute eyesight. (SInv)
Armour fits poorly on your strangely shaped body.
Your system is resistant to poisons. (rPois)
You cover ground very slowly.
You can spit poison.
You have a snake-like lower body.


Message History

Aiming: Spit Poison (2% risk of failure)
Press: ? - help, Shift-Dir - straight line, f - Terence
Aim: Terence, wielding a +0 hand axe and wearing a +0 ring mail (fast, 65% to hit)
The splash of poison hits Terence but does no damage.
Terence hits you but does no damage.
Unknown command.
Unknown command.
Okay, then.
Press: ? - help, v - describe, . - travel
Here: Terence, wielding a +0 hand axe and wearing a +0 ring mail (fast)
The floor.
Unknown command.
Press: ? - help, v - describe, . - travel
Here: Terence, wielding a +0 hand axe and wearing a +0 ring mail (fast)
The floor.
Unknown command.
Unknown command.
Unknown command.
Unknown command.
Unknown command.
The blast of sand hits Terence.
Terence is lightly wounded.
Terence hits you with a +0 hand axe.
The blast of sand hits Terence.
Terence is moderately wounded.
You have got your breath back.
Terence hits you with a +0 hand axe. Terence hits you with a +0 hand axe!
The blast of sand hits Terence.
Terence is heavily wounded.
Terence hits you with a +0 hand axe!
* * * LOW HITPOINT WARNING * * *
A kobold comes into view. It is wielding a +0 short sword.
Okay, then.
Okay, then.
Okay, then.
Unknown command.
It was a potion of resistance.
You feel protected. Terence hits you with a +0 hand axe.
You die...

.......▒.▒▒▒ .▒
.........†. ▒▒▒▒.▒
...†.....▒ ......▒▒▒
.........▒▒▒▒.........
....†.........▒ ▒▒..▒
.....<..▒..▒▒▒▒ ▒..▒
.......▒▒▒..▒▒ ▒▒)▒ ▒
.......▒ ▒▒..▒▒▒..▒
▒.▒ ▒.▒▒▒▒.. ▒....▒@▒▒
▒...▒ ▒ ▒▒.▒
▒.▒▒.▒@▒▒......
.▒▒..▒▒...)...▒
.▒....▒▒▒....▒▒ ....P.
▒..▒▒...▒ ▒...♣♣.g...▒
.▒.▒ ▒.▒. ...K.. . >.
▒......▒▒▒▒▒ ▒▒ ▒. ▒▒.


You could see Terence (fast) and a kobold.

Vanquished Creatures
  A dart slug (D:1)
  3 orcs (D:2)
  3 bats
  3 endoplasms (D:1)
  2 goblins (D:1)
  3 hobgoblins
  4 kobolds (D:1)
  A ball python (D:1)
  2 frilled lizards
  5 rats
27 creatures vanquished.

Notes
Turn   | Place    | Note
-------+----------+-------------------------------------------
     0 | D:1      | RepoMan the Naga Earth Elementalist began the quest for the
                  | Orb.
     0 | D:1      | Reached XP level 1. HP: 15/15 MP: 3/3
    68 | D:1      | Found a faded altar of an unknown god.
   156 | D:1      | Reached XP level 2. HP: 22/22 MP: 0/5
  1145 | D:2      | Reached XP level 3. HP: 28/28 MP: 6/6
  1295 | D:2      | Noticed Terence
  1302 | D:2      | Slain by Terence

Illustrated notes

Levels and vault maps discovered:
D:1:      matt_arrival_refuge, layout_loops_ring,
          shapermc_ecumenical_altar_pompeii, grunt_decor_clamped,
          hangedman_abyss_or_decor_lesser_grid
D:2:      layout_rooms, serial_shops, shop, shop, minivault_19,
          serial_park_tiny_1, minmay_rat_hole, uniq_terence, uniq_jessica

Action                   || total
-------------------------++-------
Melee: Dagger            ||     4
 Cast: Sandblast         ||    25
 Abil: Spit Poison       ||    22
  Use: Potion            ||     1
 Stab: Sleeping          ||     1
Armor: Robe              ||     3
Dodge: Dodged            ||     4
